TOP OF THE 1ST |
Evanston Elitists batting - Pitching for Lee's Summit Tigers : RHP José Medellín
|
Pitching: RHP José Medellín
|
|
Batting: SHB Troy Abreu
|
0-0: Ball 1-0: Swinging Strike 1-1: Ball 2-1: Called Strike 2-2: Strikes out swinging
|
Batting: RHB Zhong-xian Pai
|
0-0: Foul Ball, location: 2F 0-1: Ball 1-1: Ball 2-1: Called Strike 2-2: Strikes out swinging
|
Batting: RHB Greg Nichols
|
0-0: Called Strike 0-1: Ball 1-1: Foul Ball, location: 2F 1-2: Ball 2-2: Strikes out swinging
|
Top of the 1st over - 0 runs, 0 hits, 0 errors, 0 left on base; Evanston 0 - Lee's Summit 0 |
BOTTOM OF THE 1ST |
Lee's Summit Tigers batting - Pitching for Evanston Elitists : RHP Nick Raines
|
Pitching: RHP Nick Raines
|
|
Batting: LHB José Guerrero
|
0-0: Foul Ball, location: 2F 0-1: Ball 1-1: Ball 2-1: Swinging Strike 2-2: Foul Ball, location: 2F 2-2: Hit by Pitch
|
Batting: RHB Stephen Segura
|
0-0: DOUBLE (Line Drive, 3D) José Guerrero to third
|
Batting: LHB Víctor Piña
|
0-0: DOUBLE (Line Drive, 9LM) José Guerrero scores Stephen Segura scores
|
Batting: RHB Tommy Smith
|
0-0: Fly out, F4 (Flyball, 4D)
|
Batting: RHB José Deleón
|
0-0: Ball 1-0: Swinging Strike 1-1: Ball 2-1: Called Strike 2-2: Ball 3-2: Ground out 4-3 (Groundball, 4) Víctor Piña to third
|
Batting: RHB Juan Rodríguez
|
0-0: Ball 1-0: Ball 2-0: Called Strike 2-1: DOUBLE (Line Drive, 8LD) Víctor Piña scores
|
Batting: RHB Josh Martin
|
0-0: Foul Ball, location: 2F 0-1: Foul Ball, location: 2F 0-2: Ball 1-2: Ball 2-2: Ground out 5-3 (Groundball, 56)
|
Bottom of the 1st over - 3 runs, 3 hits, 0 errors, 1 left on base; Evanston 0 - Lee's Summit 3 |
TOP OF THE 2ND |
Evanston Elitists batting - Pitching for Lee's Summit Tigers : RHP José Medellín
|
Batting: RHB Troy Johnson
|
0-0: Swinging Strike 0-1: Called Strike 0-2: Foul Ball, location: 2F 0-2: Ball 1-2: Strikes out swinging
|
Batting: RHB Ed Gaston
|
0-0: Swinging Strike 0-1: Foul Ball, location: 2F 0-2: Ball 1-2: Fly out, F8 (Flyball, 8RM)
|
Batting: RHB Chris Barker
|
0-0: Foul Ball, location: 2F 0-1: Fly out, F8 (Flyball, 78M)
|
Top of the 2nd over - 0 runs, 0 hits, 0 errors, 0 left on base; Evanston 0 - Lee's Summit 3 |
BOTTOM OF THE 2ND |
Lee's Summit Tigers batting - Pitching for Evanston Elitists : RHP Nick Raines
|
Batting: LHB António Bonaccorsi
|
0-0: Ball 1-0: Called Strike 1-1: Ball 2-1: Foul Ball, location: 2F 2-2: Foul Ball, location: 2F 2-2: SINGLE (Groundball, 4MD)
|
Batting: SHB Enrique Bartoccini
|
0-0: Called Strike 0-1: Called Strike 0-2: Ball 1-2: Ball 2-2: Ball 3-2: Strikes out swinging António Bonaccorsi is caught stealing 2nd base Batter strikes out.
|
Batting: LHB José Guerrero
|
0-0: Called Strike 0-1: Fly out, F9 (Flyball, 9)
|
Bottom of the 2nd over - 0 runs, 1 hit, 0 errors, 0 left on base; Evanston 0 - Lee's Summit 3 |
TOP OF THE 3RD |
Evanston Elitists batting - Pitching for Lee's Summit Tigers : RHP José Medellín
|
Batting: LHB Jean-Sébastien Beaudin
|
0-0: Fly out, F4 (Line Drive, 4)
|
Batting: RHB Joe Farrell
|
0-0: Ball 1-0: Called Strike 1-1: Foul Ball, location: 2F 1-2: Foul Ball, location: 2F 1-2: Ball 2-2: SINGLE (Groundball, 34D)
|
Batting: RHB Bruce Adams
|
0-0: Called Strike 0-1: Called Strike 0-2: Ball 1-2: Fly out, F5 (Line Drive, 56)
|
Batting: SHB Troy Abreu
|
0-0: Ball Pickoff Throw to First - Out!
|
Top of the 3rd over - 0 runs, 1 hit, 0 errors, 0 left on base; Evanston 0 - Lee's Summit 3 |
BOTTOM OF THE 3RD |
Lee's Summit Tigers batting - Pitching for Evanston Elitists : RHP Nick Raines
|
Batting: RHB Stephen Segura
|
0-0: Ball 1-0: Called Strike 1-1: Swinging Strike 1-2: SINGLE (Groundball, 6MD)
|
Batting: LHB Víctor Piña
|
0-0: Grounds into double play, 4-6-3 (Groundball, 34)
|
Batting: RHB Tommy Smith
|
0-0: Called Strike 0-1: Ball 1-1: Reached on error, E9 (Flyball, 9)
|
Batting: RHB José Deleón
|
0-0: Swinging Strike 0-1: Called Strike 0-2: Ball 1-2: SINGLE (Line Drive, 5D) Tommy Smith to third Runner from 3rd tries for Home, throw and OUT!
|
Bottom of the 3rd over - 0 runs, 2 hits, 1 error, 1 left on base; Evanston 0 - Lee's Summit 3 |
TOP OF THE 4TH |
Evanston Elitists batting - Pitching for Lee's Summit Tigers : RHP José Medellín
|
Batting: SHB Troy Abreu
|
0-0: Ball 1-0: Called Strike 1-1: Ground out 1-3 (Groundball, 13)
|
Batting: RHB Zhong-xian Pai
|
0-0: Foul Ball, location: 2F 0-1: Ground out 4-3 (Groundball, 4)
|
Batting: RHB Greg Nichols
|
0-0: Ground out 5-3 (Groundball, 5)
|
Top of the 4th over - 0 runs, 0 hits, 0 errors, 0 left on base; Evanston 0 - Lee's Summit 3 |
BOTTOM OF THE 4TH |
Lee's Summit Tigers batting - Pitching for Evanston Elitists : RHP Nick Raines
|
Batting: RHB Juan Rodríguez
|
0-0: Ball 1-0: Swinging Strike 1-1: Foul Ball, location: 2F 1-2: Strikes out swinging
|
Batting: RHB Josh Martin
|
0-0: Ball 1-0: Ball 2-0: Called Strike 2-1: Ground out U3 (Groundball, 34)
|
Batting: LHB António Bonaccorsi
|
0-0: Ball 1-0: Ball 2-0: Ball 3-0: Called Strike 3-1: Base on Balls
|
Batting: SHB Enrique Bartoccini
|
0-0: Ball 1-0: Foul Ball, location: 2F 1-1: Ball 2-1: Ground out 1-3 (Groundball, P)
|
Bottom of the 4th over - 0 runs, 0 hits, 0 errors, 1 left on base; Evanston 0 - Lee's Summit 3 |
TOP OF THE 5TH |
Evanston Elitists batting - Pitching for Lee's Summit Tigers : RHP José Medellín
|
Batting: RHB Troy Johnson
|
0-0: Ball 1-0: Ball 2-0: SINGLE (Line Drive, 7S)
|
Batting: RHB Ed Gaston
|
0-0: Ball 1-0: Swinging Strike 1-1: Ball 2-1: Foul Ball, location: 2F 2-2: Foul Ball, location: 2F 2-2: Ball 3-2: Foul Ball, location: 2F 3-2: Foul Ball, location: 2F 3-2: Foul Ball, location: 2F 3-2: Foul Ball, location: 2F 3-2: SINGLE (Line Drive, 8RS) Troy Johnson to second
|
Batting: RHB Chris Barker
|
0-0: Called Strike 0-1: Ball 1-1: Ball 2-1: Swinging Strike 2-2: Strikes out swinging
|
Batting: LHB Jean-Sébastien Beaudin
|
0-0: Swinging Strike 0-1: Ball 1-1: Foul Ball, location: 2F 1-2: Foul Ball, location: 2F 1-2: Ball 2-2: Ball 3-2: Foul Ball, location: 2F 3-2: Foul Ball, location: 2F 3-2: Foul Ball, location: 2F 3-2: Base on Balls Troy Johnson to third Ed Gaston to second
|
Batting: RHB Joe Farrell
|
0-0: Ball 1-0: Ball 2-0: Called Strike 2-1: Fielders Choice at 2nd, 6-4 (Groundball, 56) Troy Johnson scores Ed Gaston to third
|
Batting: RHB Bruce Adams
|
0-0: Called Strike 0-1: Ball 1-1: SINGLE (Line Drive, 7S) Ed Gaston scores Joe Farrell to second
|
Batting: SHB Troy Abreu
|
0-0: Ball 1-0: Ball Wild Pitch! Joe Farrell to third Bruce Adams to second 2-0: Ball 3-0: Called Strike 3-1: Ground out U3 (Groundball, 3)
|
Top of the 5th over - 2 runs, 3 hits, 0 errors, 2 left on base; Evanston 2 - Lee's Summit 3 |
BOTTOM OF THE 5TH |
Lee's Summit Tigers batting - Pitching for Evanston Elitists : RHP Nick Raines
|
Batting: LHB José Guerrero
|
0-0: Swinging Strike 0-1: Foul Ball, location: 2F 0-2: Ball 1-2: Foul Ball, location: 2F 1-2: Strikes out looking
|
Batting: RHB Stephen Segura
|
0-0: Called Strike 0-1: SINGLE (Line Drive, 89S)
|
Batting: LHB Víctor Piña
|
0-0: Swinging Strike 0-1: Ball 1-1: Foul Ball, location: 2F 1-2: Foul Ball, location: 2F 1-2: Ball 2-2: Foul Ball, location: 2F 2-2: Strikes out swinging
|
Batting: RHB Tommy Smith
|
0-0: Called Strike 0-1: Foul Ball, location: 2F 0-2: Ball 1-2: Foul Ball, location: 2F 1-2: Strikes out looking
|
Bottom of the 5th over - 0 runs, 1 hit, 0 errors, 1 left on base; Evanston 2 - Lee's Summit 3 |
TOP OF THE 6TH |
Evanston Elitists batting - Pitching for Lee's Summit Tigers : RHP José Medellín
|
Batting: RHB Zhong-xian Pai
|
0-0: Ball 1-0: Ball 2-0: Swinging Strike 2-1: Swinging Strike 2-2: Strikes out looking
|
Batting: RHB Greg Nichols
|
0-0: Fly out, F6 (Popup, 6M)
|
Batting: RHB Troy Johnson
|
0-0: Called Strike 0-1: Fly out, F7 (Flyball, 78D)
|
Top of the 6th over - 0 runs, 0 hits, 0 errors, 0 left on base; Evanston 2 - Lee's Summit 3 |
BOTTOM OF THE 6TH |
Lee's Summit Tigers batting - Pitching for Evanston Elitists : RHP Nick Raines
|
Batting: RHB José Deleón
|
0-0: Ball 1-0: Foul Ball, location: 2F 1-1: Foul Ball, location: 2F 1-2: Ball 2-2: Ball 3-2: Base on Balls
|
Pitching: RHP Leonard Clements
|
|
Batting: RHB Juan Rodríguez
|
0-0: Ball 1-0: Foul Ball, location: 2F 1-1: Swinging Strike 1-2: Strikes out swinging
|
Batting: RHB Josh Martin
|
0-0: Ball Wild Pitch! José Deleón to second 1-0: Ball 2-0: Fly out, F7 (Flyball, 7)
|
Batting: LHB António Bonaccorsi
|
0-0: Ball 1-0: Ball 2-0: Ball 3-0: Base on Balls
|
Batting: SHB Enrique Bartoccini
|
0-0: Called Strike 0-1: Ball 1-1: Foul Ball, location: 2F 1-2: Ball 2-2: Foul Ball, location: 2F 2-2: SINGLE (Groundball, 56D) José Deleón to third António Bonaccorsi to second Runner from 3rd tries for Home, throw and OUT!
|
Bottom of the 6th over - 0 runs, 1 hit, 0 errors, 2 left on base; Evanston 2 - Lee's Summit 3 |
TOP OF THE 7TH |
Evanston Elitists batting - Pitching for Lee's Summit Tigers : RHP José Medellín
|
Batting: RHB Ed Gaston
|
0-0: Foul Ball, location: 2F 0-1: Foul Ball, location: 2F 0-2: Foul Ball, location: 2F 0-2: Foul Ball, location: 2F 0-2: Ball 1-2: Ball 2-2: Foul Ball, location: 2F 2-2: Ball 3-2: Fly out, F9 (Flyball, 9LSF)
|
Batting: RHB Chris Barker
|
0-0: Called Strike 0-1: Foul Ball, location: 2F 0-2: Ball 1-2: Ball 2-2: Ground out U3 (Groundball, 3L)
|
Batting: LHB Jean-Sébastien Beaudin
|
0-0: Called Strike 0-1: Foul Ball, location: 2F 0-2: Ball 1-2: Foul Ball, location: 2F 1-2: Strikes out swinging
|
Top of the 7th over - 0 runs, 0 hits, 0 errors, 0 left on base; Evanston 2 - Lee's Summit 3 |
BOTTOM OF THE 7TH |
Lee's Summit Tigers batting - Pitching for Evanston Elitists : RHP Leonard Clements
|
Batting: LHB José Guerrero
|
0-0: Fly out, F7 (Flyball, 7S)
|
Batting: RHB Stephen Segura
|
0-0: Foul Ball, location: 2F 0-1: Called Strike 0-2: Ball 1-2: Ball 2-2: Ground out 6-3 (Groundball, 6)
|
Batting: LHB Víctor Piña
|
0-0: Ball 1-0: Fly out, F4 (Popup, 4S)
|
Bottom of the 7th over - 0 runs, 0 hits, 0 errors, 0 left on base; Evanston 2 - Lee's Summit 3 |
TOP OF THE 8TH |
Evanston Elitists batting - Pitching for Lee's Summit Tigers : RHP José Medellín
|
Pitching: RHP Tomás Viña
|
|
Now at 1B: Paco Molina
|
|
Batting: RHB Joe Farrell
|
0-0: Called Strike 0-1: Swinging Strike 0-2: Ball 1-2: Ball 2-2: Strikes out looking
|
Batting: RHB Bruce Adams
|
0-0: Called Strike 0-1: Ground out 6-3 (Groundball, 6)
|
Batting: SHB Troy Abreu
|
0-0: Ball 1-0: Ball 2-0: Swinging Strike 2-1: Foul Ball, location: 2F 2-2: Strikes out swinging
|
Top of the 8th over - 0 runs, 0 hits, 0 errors, 0 left on base; Evanston 2 - Lee's Summit 3 |
BOTTOM OF THE 8TH |
Lee's Summit Tigers batting - Pitching for Evanston Elitists : RHP Leonard Clements
|
Batting: RHB Tommy Smith
|
0-0: Swinging Strike 0-1: Ball 1-1: Swinging Strike 1-2: Foul Ball, location: 2F 1-2: Strikes out swinging
|
Batting: RHB José Deleón
|
0-0: Ball 1-0: Ball 2-0: Called Strike 2-1: Ball 3-1: SINGLE (Groundball, 4MD)
|
Batting: RHB Juan Rodríguez
|
0-0: Ball 1-0: Fielders Choice at 2nd, 3-6 (Groundball, 3)
|
Batting: RHB Josh Martin
|
0-0: Called Strike 0-1: Fielders Choice at 2nd, 6-4 (Groundball, 56)
|
Bottom of the 8th over - 0 runs, 1 hit, 0 errors, 1 left on base; Evanston 2 - Lee's Summit 3 |
TOP OF THE 9TH |
Evanston Elitists batting - Pitching for Lee's Summit Tigers : RHP Tomás Viña
|
Pitching: LHP Luis Sandoval
|
|
Now at C: Gerardo Romero
|
|
Now in RF: Claudio Jiménez
|
|
Batting: RHB Zhong-xian Pai
|
0-0: Ball 1-0: Swinging Strike 1-1: Ball 2-1: Ball 3-1: Foul Ball, location: 2F 3-2: Strikes out swinging
|
Batting: RHB Greg Nichols
|
0-0: Ball 1-0: Ground out 6-3 (Groundball, 6)
|
Batting: RHB Troy Johnson
|
0-0: Ball 1-0: SINGLE (Groundball, 56D)
|
Pinch Runner at 1st Jaime Aguirre:
|
|
Batting: RHB Ed Gaston
|
0-0: Called Strike 0-1: Foul Ball, location: 2F 0-2: Ball 1-2: Fielders Choice at 2nd, 6-4 (Groundball, 6)
|
Top of the 9th over - 0 runs, 1 hit, 0 errors, 1 left on base; Evanston 2 - Lee's Summit 3 |
|